 Dungeon Sprint DCSS version 0.17-a0-1184-gb75be8f (webtiles) character file.

769 Kidiri the Thaumaturge (level 7, -8/36 HPs)
             Began as a Deep Elf Necromancer on June 1, 2015.
             Was an Initiate of Kikubaaqudgha.
             Mangled by a shadow (29 damage)
             ... in the Dungeon (Sprint III: "The Ten Rune Challenge").
             The game lasted 00:06:55 (1198 turns).

Kidiri the Thaumaturge (Deep Elf Necromancer)       Turns: 1198, Time: 00:06:55

Health: -8/36      AC:  4    Str:  5    XL:     7   Next: 52%
Magic:  21/24      EV: 16    Int: 22    God:    Kikubaaqudgha [......]
Gold:   45         SH:  0    Dex: 15    Spells: 9 memorised, 7 levels left

rFire  . . .     SeeInvis .     f - -1 dagger
rCold  . . .     Clarity  .     e - +0 leather armour
rNeg   . . .     SustAt   .     (no shield)
rPois  .         Gourm    .     (no helmet)
rElec  .         Spirit   .     n - +0 cloak
rCorr  .         Warding  .     (no gloves)
rMut   .         NoTele   +     (no boots)
MR     .....                    (no amulet)
Stlth  ++++......               (no ring)
                                (no ring)

@: not resistant to hostile enchantments, stealthy
A: no striking features
a: Renounce Religion


You were in the Dungeon.
You worshipped Kikubaaqudgha.
Kikubaaqudgha was noncommittal.
You were not hungry.

You visited 1 branch You collected 45 gold pieces.

Inventory:

Hand weapons
 f - a -1 dagger (weapon)
 m - a +4 quarterstaff of chaos
Armour
 a - a +0 robe
 e - a +0 leather armour (worn)
 n - a +0 cloak (worn)
Scrolls
 i - a scroll of blinking
 p - 2 scrolls of torment {unknown}
 q - 3 scrolls of identify
 r - 2 scrolls of remove curse
Potions
 d - a potion of curing
 g - a potion of magic
 k - 2 potions of agility
 s - 2 potions of cure mutation
Books
 b - a book of Necromancy

   Spells                             Type                      Level
   a - Pain                           Necromancy                   1
   b - Animate Skeleton               Necromancy                   1
   c - Vampiric Draining              Necromancy                   3
   d - Regeneration                   Charms/Necromancy            3
   e - Animate Dead                   Necromancy                   4
   f - Control Undead                 Necromancy                   4
 h - a book of Frost

   Spells                             Type                      Level
   a - Freeze                         Ice                          1
   b - Throw Frost                    Conjuration/Ice              2
   c - Ozocubu's Armour               Charms/Ice                   3
   d - Throw Icicle                   Conjuration/Ice              4
   e - Summon Ice Beast               Ice/Summoning                4
   f - Condensation Shield            Ice                          4
Comestibles
 c - 2 bread rations
 t - 3 fruits


   Skills:
 + Level 8.2 Dodging
 + Level 8.7 Stealth
 * Level 11.9 Spellcasting
 + Level 0.0 Conjurations
 + Level 7.4 Charms
 * Level 11.7 Necromancy
 + Level 0.0 Ice Magic


You had 7 spell levels left.
You knew the following spells:

 Your Spells              Type           Power        Failure   Level  Hunger
a - Pain                  Necr           ####         1%          1    None
b - Animate Skeleton      Necr           N/A          1%          1    None
c - Vampiric Draining     Necr           ######....   1%          3    None
d - Regeneration          Chrm/Necr      ######....   1%          3    None
e - Animate Dead          Necr           N/A          1%          4    None
f - Control Undead        Necr           ######....   1%          4    None
g - Ozocubu's Armour      Chrm/Ice       ####....     8%          3    None
h - Freeze                Ice            ##..         12%         1    None
i - Throw Frost           Conj/Ice       ##....       17%         2    None


Dungeon Overview and Level Annotations

Branches:
Dungeon (1/1)

Altars:
Cheibriados
Elyvilon
Fedhas
Kikubaaqudgha
Okawaru
Sif Muna
Trog
Vehumet
Yredelemnul
Zin
The Shining One


Message History

Aiming: Pain
Press: ? - help, Shift-Dir - straight line, f - jelly
Aim: a jelly (chance to defeat MR: 89%)
The jelly convulses in agony!
The jelly hits you but does no damage.
Casting: Pain
Confirm with . or Enter, or press ? or * to list all spells.
Aiming: Pain
Press: ? - help, Shift-Dir - straight line, f/p - jelly
Aim: a jelly (lightly wounded, chance to defeat MR: 89%)
The jelly convulses in agony!
The jelly closely misses you.
Casting: Pain
Confirm with . or Enter, or press ? or * to list all spells.
Aiming: Pain
Press: ? - help, Shift-Dir - straight line, f/p - jelly
Aim: a jelly (heavily wounded, chance to defeat MR: 89%)
The jelly convulses in agony!
The jelly closely misses you.
The shadow strikes at you from the darkness!
Ouch! That really hurt!
You die...
Kikubaaqudgha rasps: "You have failed me!
Welcome... death!"

▓▓ ▓▓▓ .♣♣
♣.############ ..♣
♣♣.#___#__.#__# ♣♣♣
♣..#...#[.)#._# ≈♣♣
♣..###)#'###'## ≈.♣
♣♣.#........@.#
≈≈♣♣♣..'.⌠......J.#
≈≈≈≈...#...######)#
≈≈≈....#.⌠.# #...#
≈≈.....#...# #...#
.......#'### #...#
.......#...# #..%+
.......#___# +...#
▓▓▓▓▓▓▓▓▓▓▓▓ ▓▓▓▓▓


You could see a jelly.

Vanquished Creatures
  A deep elf priest (D)
  A necrophage (D)
  A water elemental (D)
  Crazy Yiuf (D)
  A necromancer (D)
  A wizard (D)
  3 humans (D)
  A kobold demonologist (D)
  An ooze (D)
  3 rats (D)
14 creatures vanquished.

Vanquished Creatures (others)
  2 draconian scorchers (D)
  2 fire drakes (D)
  A yaktaur (D)
  2 plants (D)
7 creatures vanquished.

Grand Total: 21 creatures vanquished

Notes
Turn   | Place    | Note
--------------------------------------------------------------
     0 | D        | Kidiri the Deep Elf Necromancer began the quest for the Orb.
     0 | D        | Reached XP level 1. HP: 10/10 MP: 6/6
     2 | D        | Learned a level 1 spell: Animate Skeleton
     8 | D        | Reached skill level 5 in Necromancy
   218 | D        | Noticed Crazy Yiuf
   218 | D        | Killed a yaktaur
   229 | D        | Killed Crazy Yiuf
   229 | D        | Reached skill level 5 in Spellcasting
   229 | D        | Reached skill level 6 in Necromancy
   229 | D        | Reached XP level 2. HP: 10/15 MP: 2/10
   229 | D        | Reached XP level 3. HP: 12/19 MP: 2/12
   263 | D        | Killed a white draconian scorcher
   320 | D        | Killed a white draconian scorcher
   360 | D        | Gained mutation: You have very sharp teeth. [potion of mutation]
   360 | D        | Gained mutation: You expend magic power (3 MP) to strengthen your wands. [potion of mutation]
   360 | D        | Gained mutation: You are clumsy. (Dex -2) [potion of mutation]
   361 | D        | Lost mutation: You expend magic power (3 MP) to strengthen your wands. [potion of cure mutation]
   361 | D        | Lost mutation: You have very sharp teeth. [potion of cure mutation]
   361 | D        | Lost mutation: You are clumsy. (Dex -2) [potion of cure mutation]
   362 | D        | Gained mutation: Your body sometimes deteriorates upon taking damage. [potion of mutation]
   362 | D        | Gained mutation: You tend to lose your temper in combat. [potion of mutation]
   362 | D        | Gained mutation: You can spit weak poison. [potion of mutation]
   363 | D        | Lost mutation: You can spit weak poison. [potion of cure mutation]
   363 | D        | Lost mutation: Your body sometimes deteriorates upon taking damage. [potion of cure mutation]
   363 | D        | Lost mutation: You tend to lose your temper in combat. [potion of cure mutation]
   399 | D        | Reached skill level 7 in Necromancy
   436 | D        | Killed a fire drake
   445 | D        | Learned a level 3 spell: Vampiric Draining
   449 | D        | Learned a level 3 spell: Regeneration
   547 | D        | Noticed a water elemental
   553 | D        | Killed a water elemental
   553 | D        | Reached skill level 5 in Dodging
   553 | D        | Reached skill level 5 in Stealth
   553 | D        | Reached skill level 8 in Necromancy
   553 | D        | Reached XP level 4. HP: 12/24 MP: 9/15
   711 | D        | Learned a level 4 spell: Animate Dead
   716 | D        | Learned a level 4 spell: Control Undead
   727 | D        | Found a basalt altar of Yredelemnul.
   727 | D        | Found a snail-covered altar of Cheibriados.
   727 | D        | Found a blossoming altar of Fedhas.
   727 | D        | Noticed a necrophage
   727 | D        | Noticed a necromancer
   737 | D        | Killed a necrophage
   737 | D        | Reached skill level 9 in Spellcasting
   737 | D        | Reached XP level 5. HP: 19/28 MP: 4/18
   739 | D        | Killed a necromancer
   791 | D        | Killed a fire drake
   847 | D        | Found an iron altar of Okawaru.
   847 | D        | Found a bloodstained altar of Trog.
   847 | D        | Noticed a human
   848 | D        | Noticed a human
   857 | D        | Killed a human
   857 | D        | Reached skill level 10 in Spellcasting
   857 | D        | Reached skill level 5 in Charms
   857 | D        | Reached skill level 10 in Necromancy
   857 | D        | Reached XP level 6. HP: 9/32 MP: 11/21
   867 | D        | Killed a human
  1044 | D        | Found a glowing silver altar of Zin.
  1044 | D        | Found a glowing golden altar of the Shining One.
  1044 | D        | Found a white marble altar of Elyvilon.
  1045 | D        | Noticed a deep elf priest
  1056 | D        | Killed a deep elf priest
  1056 | D        | Reached skill level 11 in Spellcasting
  1056 | D        | Reached XP level 7. HP: 24/36 MP: 10/24
  1134 | D        | Found a radiant altar of Vehumet.
  1134 | D        | Found a deep blue altar of Sif Muna.
  1134 | D        | Found an ancient bone altar of Kikubaaqudgha.
  1134 | D        | Noticed a wizard
  1136 | D        | Killed a wizard
  1151 | D        | Learned a level 3 spell: Ozocubu's Armour
  1153 | D        | Learned a level 1 spell: Freeze
  1156 | D        | Learned a level 2 spell: Throw Frost
  1167 | D        | Became a worshipper of Kikubaaqudgha
  1186 | D        | Noticed a jelly
  1187 | D        | Noticed a shadow
  1198 | D        | Mangled by a shadow

Vault maps used:
D:        dungeon_sprint_mu

Action                   |  1- 3 |  4- 6 |  7- 9 || total
-------------------------+-------+-------+-------++-------
Melee: Unarmed           |     1 |       |       ||     1
       Quarterstaff      |    12 |     9 |       ||    21
       Dagger            |       |       |     3 ||     3
 Cast: Pain              |    12 |    15 |     4 ||    31
       Animate Skeleton  |     3 |       |       ||     3
       Regeneration      |     1 |       |       ||     1
       Control Undead    |       |     2 |       ||     2
       Animate Dead      |       |     1 |     1 ||     2
       Vampiric Draining |       |     6 |     1 ||     7
  Use: Potion            |     6 |     3 |       ||     9
       Scroll            |       |       |     1 ||     1
 Stab: Sleeping          |       |       |     2 ||     2
  Eat: Beef jerky        |       |     1 |       ||     1
       Fruit             |       |       |     1 ||     1
